 Dungeon Crawl Stone Soup version 0.31-a0-846-gb3bcc0d938 (webtiles) character file.

Game seed: 4943124038658750832

15276 ketsa the Basher (level 12, -3/77 HPs)
             Began as a Gargoyle Fighter on Oct 3, 2023.
             Was an Elder of Lugonu.
             Slain by a fire elemental (11 damage)
             ... summoned by a deep elf pyromancer
             ... on level 10 of the Dungeon.
             The game lasted 00:41:04 (11866 turns).

ketsa the Basher (Gargoyle Fighter)                Turns: 11866, Time: 00:41:05

Health: -3/77      AC: 23    Str: 26    XL:     12   Next: 25%
Magic:  19/19      EV:  8    Int:  8    God:    Lugonu [****..]
Gold:   585        SH:  4    Dex:  9    Spells: 11/11 levels left

rFire   . . .        V - +0 morningstar
rCold   + . .        c - +0 buckler
rNeg    + + .        n - +0 chain mail
rPois   ∞            k - +1 helmet
rElec   +            t - +0 cloak
rCorr   .            (no gloves)
SInv    .            E - +1 pair of boots
Will    .....        (no amulet) Stlth
                     M - ring of positive energy
HPRegen 0.32/turn    D - ring of protection from cold
MPRegen 0.16/turn

%: no passive effects
@: mighty, on fire, glowing
A: sickness immunity, AC +8, negative energy resistance 1, electricity
resistance, torment resistance 1, petrification resistance
a: Renounce Religion, Depart the Abyss, Banish, Corrupt


You were on level 10 of the Dungeon.
You worshipped Lugonu.
Lugonu was greatly pleased with you.
You visited 3 branches of the dungeon, and saw 12 of its levels.
You also visited: Sewer and Bailey.

You collected 585 gold pieces.

Inventory:

Hand Weapons
 a - a +0 flail
 e - a +0 heavy hand axe
 m - a +1 mace of venom
 q - a +1 hammer of protection
 s - a +2 quarterstaff of chaos
 y - a +0 whip of freezing
 z - a +3 flail of protection
 B - the +12 dagger "Aviud" {venom, rElec Str-2 Int+3 Dex+6}
   (You found it on level 4 of the Dungeon)

   Str-2:     It affects your strength (-2).
   Int+3:     It affects your intelligence (+3).
   Dex+6:     It affects your dexterity (+6).
   rElec:     It insulates you from electricity.
 S - a +0 dagger
 U - a +0 flail of draining
 V - a +0 morningstar (weapon)
Missiles
 f - 85 stones (quivered)
 j - 15 poisoned darts
Armour
 b - a +0 scale mail
 c - a +0 buckler (worn)
 k - a +1 helmet (worn)
 n - a +0 chain mail (worn)
 p - a +0 chain mail
 t - a +0 cloak (worn)
 E - a +1 pair of boots (worn)
 H - +0 steam dragon scales
 O - a +0 hat of stealth
 R - a +0 plate armour
Jewellery
 D - a ring of protection from cold (right hand)
 M - a ring of positive energy (left hand)
Wands
 r - a wand of flame (16)
 w - a wand of digging (4)
Scrolls
 d - 2 scrolls of enchant weapon
 h - 7 scrolls of teleportation
 l - 2 scrolls of fear
 o - a scroll of revelation {unknown}
 x - a scroll of noise {unknown}
 C - 2 scrolls of vulnerability {unknown}
 I - a scroll of blinking {unknown}
 L - 2 scrolls of immolation
 T - 2 scrolls of butterflies {unknown}
Potions
 g - a potion of lignification
 i - 2 potions of mutation
 u - 3 potions of curing
 v - 3 potions of attraction
 A - 3 potions of haste {unknown}
 F - a potion of cancellation {unknown}
 G - a potion of enlightenment {unknown}
 J - 2 potions of invisibility {unknown}
 K - 2 potions of ambrosia {unknown}
 N - 2 potions of might
 P - 2 potions of resistance {unknown}
 Q - a potion of brilliance {unknown}


   Skills:
 + Level 10.1 Fighting
 * Level 13.6 Maces & Flails
 - Level 3.2 Armour
 - Level 5.0 Shields
 + Level 10.2 Invocations
 - Level 5.0 Evocations


You had 11 spell levels left.
You didn't know any spells.
Your spell library contained the following spells:

 Spells                   Type           Power      Damage    Failure   Level
 Apportation              Tloc           0%         N/A       95%         1
 Necrotise                Necr           0%         1d4       95%         1
 Summon Small Mammal      Summ           0%         N/A       95%         1
 Jinxbite                 Hex            0%         N/A       98%         2
 Lesser Beckoning         Tloc           0%         N/A       98%         2
 Poisonous Vapours        Pois/Air       0%         N/A       98%         2
 Gell's Gravitas          Tloc           0%         N/A       100%        3
 Mephitic Cloud           Conj/Pois/Air  0%         N/A       100%        3
 Teleport Other           Tloc           0%         N/A       100%        3
 Alistair's Intoxication  Tmut/Pois      0%         N/A       100%        5
 Freezing Cloud           Conj/Ice/Air   0%         6-21      100%        5
 Dispersal                Tloc           0%         N/A       100%        6


Dungeon Overview and Level Annotations

Branches:
Dungeon (10/15)            Temple (1/1) D:4            Lair (1/5) D:9
    Orc (0/2) D:9           Sewer (visited)          Bailey (visited)

Altars:
Ashenzari
Cheibriados
Dithmenos
Elyvilon
Fedhas
Gozag
Hepliaklqana
Makhleb
Nemelex Xobeh
Okawaru
Qazlal
Ru
Sif Muna
Trog
Uskayaw
Vehumet
Wu Jian
Xom
Yredelemnul
Zin
The Shining One
Lugonu

Shops:
D:9 (

Annotations:
D:8 1 runed translucent door, DEFE's ghost, novice DjAr
D:9 1 runed translucent door
Abyss:1 Sonja


Innate Abilities, Weirdness & Mutations

You are immune to sickness and miasma.
Your stone body is resilient. (AC +8)
You are immune to poison.
You resist negative energy. (rN+)
You are resistant to electric shocks. (rElec)
You are resistant to unholy torment.
You are immune to petrification.


Message History

The deep elf pyromancer hits you but does no damage.
The fire elemental closely misses you.
You barely miss the deep elf pyromancer.
You block the fire elemental's attack.
The deep elf pyromancer gestures wildly while chanting.
You puncture the deep elf pyromancer!
The deep elf pyromancer is moderately wounded.
The fire elemental hits you. The fire elemental burns you!
The fire elemental hits you. The fire elemental burns you!
You barely miss the deep elf pyromancer.
The deep elf pyromancer is moderately wounded.
The deep elf pyromancer casts a spell at you.
The sticky flame hits you.
You are covered in liquid flames!
You block the fire elemental's attack. The fire elemental hits you. x2
The fire elemental burns you!
You closely miss the deep elf pyromancer.
The deep elf pyromancer is moderately wounded.
You are covered in liquid flames!
The deep elf pyromancer hits you but does no damage.
The fire elemental hits you. The fire elemental burns you!
You block the fire elemental's attack. The fire elemental hits you.
The fire elemental burns you!
You barely miss the deep elf pyromancer.
The deep elf pyromancer is moderately wounded.
You are covered in liquid flames!
The fire elemental barely misses you. The fire elemental hits you.
The fire elemental burns you! The fire elemental hits you.
The fire elemental burns you!
* * * LOW HITPOINT WARNING * * *
The deep elf pyromancer hits you but does no damage.
You feel very mighty all of a sudden.
You are covered in liquid flames!
* * * LOW HITPOINT WARNING * * *
The fire elemental hits you. The fire elemental burns you!
* * * LOW HITPOINT WARNING * * *
The fire elemental hits you. The fire elemental burns you!
* * * LOW HITPOINT WARNING * * *
The fire elemental hits you. The fire elemental burns you!
You die...

.............## #.
..............####.
...................
................##
#..........#####
##........### #
###.......###
...#!#.E......##
#...e@E......#
###...E.#....#
#####.......#
#........#
########... # ...
..


You could see a deep elf pyromancer and 3 fire elementals.

Vanquished Creatures
  Gastronok (D:8)
  A vault guard (Bailey)
  A boulder beetle (Lair:1)
  Pikel (D:4)
  A gargoyle (D:9)
  A cane toad (Lair:1)
  Maggie (D:6)
  A troll (D:8)
  Grinder (D:6)
  Prince Ribbit (Bailey)
  A wraith (D:9)
  20 yaks
  Eustachio (D:5)
  A vampire (D:9)
  5 humans (Bailey)
  2 basilisks (Lair:1)
  2 steam dragons
  7 water moccasins
  Pargi (Sewer)
  A black bear (D:5)
  3 orc warriors
  An ogre (D:6)
  The ghost of AceOff the Shooter, an amateur MiHu (D:3)
  2 centaurs
  5 wolves (D:9)
  A kobold brigand (D:9)
  16 bullfrogs
  4 scorpions
  4 wights (D:6)
  A howler monkey (D:6)
  A crimson imp (D:6)
  Crazy Yiuf (D:2)
  3 hounds
  4 jellies
  5 orc priests
  A gnoll bouda (D:3)
  Jessica (D:2)
  3 iguanas (D:6)
  Terence (D:2)
  A sleepcap (D:5)
  5 orc wizards
  5 gnolls
  9 adders
  3 white imps
  3 ufetubi
  3 worms
  A dart slug (D:2)
  32 orcs
  8 ball pythons
  5 endoplasms
  4 giant cockroaches
  7 goblins
  11 hobgoblins
  2 jackals (D:5)
  3 quokkas
  5 bats
  3 frilled lizards
  19 kobolds
  3 rats
241 creatures vanquished.

Vanquished Creatures (others)
  An orc (D:8)
1 creature vanquished.

Grand Total: 242 creatures vanquished

Notes
Turn   | Place    | Note
-------+----------+-------------------------------------------
     0 | D:1      | ketsa the Gargoyle Fighter began the quest for the Orb.
     0 | D:1      | Reached XP level 1. HP: 14/14 MP: 1/1
   113 | D:1      | Reached XP level 2. HP: 19/19 MP: 2/2
   550 | D:1      | Reached skill level 3 in Maces & Flails
   550 | D:1      | Reached XP level 3. HP: 23/23 MP: 3/3
   600 | D:1      | You fall into a shaft and drop 1 floor!
  1050 | D:2      | Found a faded altar of an unknown god.
  1145 | D:2      | Noticed Terence
  1156 | D:2      | Killed Terence
  1157 | D:2      | Reached XP level 4. HP: 17/28 MP: 4/4
  1253 | D:2      | Found a runed translucent door.
  1254 | D:2      | Noticed Crazy Yiuf
  1262 | D:2      | Killed Crazy Yiuf
  1263 | D:2      | Reached skill level 4 in Maces & Flails
  1263 | D:2      | Reached XP level 5. HP: 29/32 MP: 5/5
  1424 | D:2      | Noticed Jessica
  1437 | D:2      | Killed Jessica
  1696 | D:3      | Found an iron altar of Okawaru.
  1742 | D:2      | Prayed at the altar of an unknown god.
  1742 | D:2      | Became a worshipper of Lugonu the Unformed
  1742 | D:2      | Reached * piety under Lugonu
  2161 | D:3      | Found a runed translucent door.
  2165 | D:3      | Noticed AceOff's ghost (amateur MiHu)
  2371 | D:4      | Noticed a black bear
  2485 | D:4      | Reached skill level 1 in Invocations
  2512 | D:4      | Reached skill level 5 in Maces & Flails
  2512 | D:4      | Reached XP level 6. HP: 37/37 MP: 6/6
  2616 | D:4      | Found a staircase to the Ecumenical Temple.
  2626 | Temple   | Entered the Ecumenical Temple
  2854 | D:4      | Noticed Pikel
  2884 | D:4      | Killed Pikel
  2885 | D:4      | Reached skill level 6 in Maces & Flails
  2885 | D:4      | Reached skill level 5 in Shields
  2885 | D:4      | Reached XP level 7. HP: 22/41 MP: 6/10
  2999 | D:4      | Found a glowing drain.
  3012 | Sewer    | Entered a sewer
  3109 | Sewer    | Noticed Pargi
  3118 | Sewer    | Killed Pargi
  3118 | Sewer    | Reached ** piety under Lugonu
  3190 | Sewer    | Reached XP level 8. HP: 47/47 MP: 11/11
  3253 | D:4      | Identified the +12 dagger "Aviud" {venom, rElec Str-2 Int+3
                  | Dex+6}
  3318 | D:5      | Entered Level 5 of the Dungeon
  3387 | D:5      | Noticed Eustachio
  3419 | D:5      | Killed Eustachio
  3420 | D:5      | Reached skill level 7 in Maces & Flails
  3553 | D:5      | Found a broken altar of Ashenzari.
  3686 | D:5      | Reached skill level 5 in Invocations
  4117 | D:5      | Reached skill level 8 in Maces & Flails
  4306 | D:6      | Noticed Maggie
  4317 | D:6      | Killed Maggie
  4318 | D:6      | Reached skill level 5 in Fighting
  4318 | D:6      | Reached XP level 9. HP: 26/54 MP: 13/13
  4487 | D:6      | Noticed Grinder
  4494 | D:6      | Killed Grinder
  4495 | D:6      | Reached skill level 9 in Maces & Flails
  4873 | D:6      | Reached *** piety under Lugonu
  5002 | D:6      | Found a shimmering altar of Xom.
  5205 | D:6      | Found a bloodstained altar of Trog.
  5280 | D:7      | Reached skill level 10 in Maces & Flails
  5781 | D:7      | Reached XP level 10. HP: 59/63 MP: 15/15
  5827 | D:7      | Found a white marble altar of Elyvilon.
  6255 | D:8      | Found a runed translucent door.
  6256 | D:8      | Noticed DEFE's ghost (novice DjAr)
  6281 | D:8      | Noticed a cyclops
  7072 | D:8      | Noticed Gastronok
  7339 | D:8      | Killed Gastronok
  7340 | D:8      | Reached skill level 11 in Maces & Flails
  7340 | D:8      | Reached skill level 1 in Evocations
  7631 | D:8      | Banished a cyclops
  7957 | D:3      | Killed AceOff's ghost
  8285 | D:9      | Found a staircase to the Lair.
  8341 | D:9      | Reached **** piety under Lugonu
  8445 | D:9      | Found a staircase to the Orcish Mines.
  8455 | D:9      | Noticed a two-headed ogre
  8456 | D:9      | Reached XP level 11. HP: 67/68 MP: 17/17
  8640 | D:9      | Found a runed translucent door.
  8640 | D:9      | Noticed a boulder beetle
  8659 | D:9      | Found a flagged portal.
  8660 | D:9      | Banished a two-headed ogre
  8661 | D:9      | Reached skill level 12 in Maces & Flails
  8665 | D:9      | Found Dyloruc's Weapon Shop.
  8682 | Bailey   | Entered a bailey
  9108 | Bailey   | Noticed Prince Ribbit
  9108 | Bailey   | Noticed a vault guard
  9122 | Bailey   | Banished a vault guard
  9140 | Bailey   | Killed Prince Ribbit
  9271 | Bailey   | Noticed a vault guard
  9296 | Bailey   | Killed a vault guard
  9804 | D:9      | Found a hide-covered altar of Uskayaw.
  9806 | D:9      | Found an ornate altar of the Wu Jian Council.
  9858 | D:9      | Found a shimmering blue altar of Sif Muna.
  9858 | D:9      | Found a sparkling altar of Nemelex Xobeh.
  9864 | D:9      | Found an opulent altar of Gozag.
  9866 | D:9      | Found a shadowy altar of Dithmenos.
  9867 | D:9      | Found a basalt altar of Yredelemnul.
  9930 | Lair:1   | Entered Level 1 of the Lair of Beasts
 10386 | Lair:1   | Reached skill level 13 in Maces & Flails
 10442 | Lair:1   | Noticed Sonja
 10444 | Lair:1   | Banished Sonja
 10763 | D:9      | Reached XP level 12. HP: 45/76 MP: 19/19
 10942 | Lair:1   | Noticed a boulder beetle
 10964 | Lair:1   | Killed a boulder beetle
 10965 | Lair:1   | Reached skill level 5 in Evocations
 11002 | Lair:1   | Reached skill level 10 in Invocations
 11201 | Lair:1   | Reached skill level 10 in Fighting
 11399 | D:10     | Entered Level 10 of the Dungeon
 11866 | D:10     | Slain by a fire elemental

Illustrated notes

Levels and vault maps discovered:
D:1:      minmay_arrival_up_and_down, layout_loops_cross
D:2:      layout_loops_ring, basic_ecumenical_altar, uniq_crazy_yiuf_cottage,
          uniq_terence, uniq_jessica
D:3:      layout_rooms, mainiacjoe_overflow_small_starburst,
          ebering_ghost_inner_flame
D:4:      layout_basic, temple_statues, gup_sewer_entry_glass, st_stairs_8,
          uniq_pikel
D:5:      layout_cave_pods, cheibrodos_ashenzari_chains, uniq_eustachio
D:6:      layout_loops_cross, lightli_temple_of_fire,
          mainiacjoe_overflow_alcove_1, minmay_fire_ice_demons, uniq_grinder,
          uniq_maggie
D:7:      layout_loops_ring, elyvilon_altar_1, minmay_strange_pillars
D:8:      layout_basic, hellmonk_ghost_big_iron, uniq_gastronok
D:9:      layout_rooms, chequers_temple_overflow_minitemple,
          gammafunk_temple_overflow_wave, grunt_lair_entry_orc_guard_hut,
          orc_0_dummy, serial_shops, nicolae_shop_scrapyard, enter_bailey_2,
          minmay_st_funbox, kennysheep_generic_room_15
D:10:     layout_layer_cave, overflow_temple_1_default
Temple:   nicolae_temple_cloud_nine
Lair:1:   layout_regular_city, uniq_sonja

Skill      XL: |  1  2  3  4  5  6  7  8  9 10 11 12 |
---------------+-------------------------------------+-----
Maces & Flails | 3 4 5 6 8 10 11 13 | 13.6
Shields        | 4 5 |  5.0
Invocations    | 1 4 5 7 8 9 10 | 10.2
Fighting       | 5 7 8 9 10 | 10.1
Evocations     | 2 4 5 |  5.0
Armour         | |  3.2

Action                     |  1- 3 |  4- 6 |  7- 9 | 10-12 || total
---------------------------+-------+-------+-------+-------++-------
  Melee: Flail             |   107 |    20 |       |       ||   127
         Mace              |       |    75 |   288 |   628 ||   991
         Morningstar       |       |       |       |    10 ||    10
  Throw: Stone             |       |       |     4 |     1 ||     5
 Invoke: Banish            |       |       |       |     4 ||     4
    Use: Scroll            |     2 |     1 |     3 |     4 ||    10
         Potion            |       |     1 |     2 |     1 ||     4
 Armour: Scale mail        |    73 |    79 |   201 |   217 ||   570
         Chain mail        |       |       |       |   310 ||   310
  Dodge: Dodged            |    50 |    45 |   118 |   251 ||   464
  Block: Buckler           |    23 |    18 |    52 |   133 ||   226

Table legend: (Time is in decaauts)
 A = Elapsed time spent in this place.
 B = Non-inter-level travel time spent in this place.
 C = Inter-level travel time spent in this place.
 D = Time resting spent in this place.
 E = Time spent auto-exploring this place.
 F = Levels seen in this place.
 G = Mean time per level.
                   A        B        C        D        E       F      G
               +--------+--------+--------+--------+--------+-----+--------+
         Total |  11826 |  11012 |    814 |   2540 |   4725 |  14 |  844.7 |
       Dungeon |  10150 |   9336 |    814 |   1982 |   4515 |  10 | 1015.0 |
        Temple |      1 |      1 |      0 |      0 |      0 |   1 |    1.0 |
          Lair |    718 |    718 |      0 |    157 |    170 |   1 |  718.0 |
         Sewer |    234 |    234 |      0 |      0 |      0 |   1 |  234.0 |
        Bailey |    721 |    721 |      0 |    401 |     40 |   1 |  721.0 |
               +--------+--------+--------+--------+--------+-----+--------+

Top non-repeatable levels by time:
     D:9: 1809 daAuts
     D:8: 1719 daAuts
     D:7: 1056 daAuts
     D:2: 1042 daAuts
     D:6: 1036 daAuts
     D:5: 1016 daAuts
     D:1: 897 daAuts
     D:4: 761 daAuts
  Bailey: 721 daAuts
  Lair:1: 718 daAuts
     D:3: 631 daAuts
   Sewer: 234 daAuts
    D:10: 180 daAuts
  Temple: 1 daAuts
